 Dungeon Crawl Stone Soup version 0.30-a0-1016-gfb0d676c02 (webtiles) character file.

Game seed: 3288686194700539059

72 dialectric the Covered (level 4, -1/40 HPs)
             Began as a Minotaur Fighter on Apr 6, 2023.
             Was a Follower of Wu Jian.
             Killed from afar by an orc wizard (11 damage)
             ... with a puff of flame
             ... on level 4 of the Dungeon.
             The game lasted 00:01:38 (1496 turns).

dialectric the Covered (Minotaur Fighter)           Turns: 1496, Time: 00:01:39

Health: -1/40      AC:  7    Str: 20    XL:     4   Next: 6%
Magic:  3/3        EV: 10    Int:  5    God:    Wu Jian [*.....]
Gold:   129        SH:  0    Dex: 12    Spells: 3/3 levels left

rFire   . . .      SeeInvis .    a - +0 long sword
rCold   . . .      Faith    .    (no shield)
rNeg    . . .      Spirit   .    b - +0 scale mail
rPois   .          Reflect  .    (helmet restricted)
rElec   .          Rampage  .    (no cloak)
rCorr   .                        (no gloves)
Will    .....                    (no boots) Stlth
                                 (no amulet)
HPRegen 0.26/turn                (no ring)
MPRegen 0.08/turn                (no ring)

@: mighty
A: horns 2, retaliatory headbutt
a: Renounce Religion


You were on level 4 of the Dungeon.
You worshipped Wu Jian.
Wu Jian was aware of your devotion.
You visited 1 branch of the dungeon, and saw 4 of its levels.

You collected 129 gold pieces.

Inventory:

Hand Weapons
 a - a +0 long sword (weapon)
Armour
 b - a +0 scale mail (worn)
 c - a +0 buckler
Scrolls
 e - 3 scrolls of torment {unknown}
 f - 3 scrolls of identify {unknown}
 g - a scroll of blinking {unknown}
 l - a scroll of amnesia {unknown}
Potions
 h - a potion of attraction {unknown}
 i - a potion of ambrosia {unknown}
 k - a potion of resistance {unknown}
 m - a potion of haste {unknown}


   Skills:
 + Level 4.2 Fighting
 + Level 3.5 Long Blades
 + Level 4.3 Armour
 * Level 1.7 Dodging
 - Level 3.6 Shields


You had 3 spell levels left.
You didn't know any spells.
Your spell library was empty.

Dungeon Overview and Level Annotations

Branches:
Dungeon (3/15)

Altars:
Wu Jian

Shops:
D:1 =

Annotations:
D:4 Pikel


Innate Abilities, Weirdness & Mutations

You have a pair of horns on your head.
You reflexively headbutt those who attack you in melee.


Message History

Unknown command.
You feel very mighty all of a sudden.
The orc wizard mumbles some strange words.
The orc wizard flickers and vanishes!
Deactivating autopickup; reactivate with Ctrl-A.
Pikel, Merchant of Souls comes into view.
He is wielding a +1 whip of electrocution.
Pikel shouts!
You miss something. Your headbutt misses something.
You hear a shout! x2; You hear some strange, mumbled words.
A magic dart appears from out of thin air!
The magic dart hits you.
You hit something.
You hear some strange, mumbled words.
You are confused.
You miss something.
The orc priest calls down the wrath of Beogh upon you.
Beogh smites you! Something hits you.
Pikel says, "Time is money, and you're costing me too much!"
Unknown command.
You are too injured to fight recklessly!
You completely miss something.
The orc priest begins to cast a cantrip, but forgets the words!
You hear some strange, mumbled words.
You are more confused.
Something hits you but does no damage.
You are too injured to fight recklessly!
Unknown command.
Pikel says, "I touched Geryon's horn once."
Unknown command.
It was a potion of curing.
You feel better. Something hits you but does no damage.
You closely miss something. Something hits you but does no damage.
You miss something.
The orc priest mumbles some strange prayers to Beogh against you.
Beogh smites you!
* * * LOW HITPOINT WARNING * * *
You hear some strange, mumbled words.
A puff of flame appears from out of thin air!
The puff of flame hits you!
You die...

## ..# #.
... #.###
#.#
#...###..#
##......#
##.##.###
#..##..##
#.####..##
#@# ##..##
#{# ##..#
#W# ##.#
#o# #..#
#o# ##...


ho# ##.# .o# .# ... # .... You could see a black bear, a phantom, an orc priest
and 3 orcs.

Vanquished Creatures
  An adder (D:2)
  3 worms (D:2)
  3 dart slugs
  A ball python (D:2)
  4 bats
  3 endoplasms
  9 goblins
  3 hobgoblins
  9 kobolds
  2 quokkas
  2 frilled lizards (D:1)
  3 rats
43 creatures vanquished.

Notes
Turn   | Place    | Note
-------+----------+-------------------------------------------
     0 | D:1      | dialectric the Minotaur Fighter began the quest for the
                  | Orb.
     0 | D:1      | Reached XP level 1. HP: 19/19 MP: 0/0
   183 | D:1      | Reached XP level 2. HP: 22/27 MP: 1/1
   228 | D:1      | Reached skill level 1 in Dodging
   250 | D:1      | Found Paemacun's Jewellery Shoppe.
   625 | D:1      | Found a faded altar of an unknown god.
   695 | D:1      | Prayed at the altar of an unknown god.
   695 | D:1      | Became a worshipper of the Wu Jian Council
   695 | D:1      | Reached * piety under Wu Jian
   776 | D:2      | Reached XP level 3. HP: 19/33 MP: 2/2
  1286 | D:2      | Reached XP level 4. HP: 31/40 MP: 3/3
  1463 | D:3      | You fall into a shaft and drop 1 floor!
  1480 | D:4      | Noticed a phantom
  1487 | D:4      | Noticed a black bear
  1488 | D:4      | Noticed Pikel
  1496 | D:4      | Killed from afar by an orc wizard

Illustrated notes

Levels and vault maps discovered:
D:1:      zelgadis_glass_arrival_small, layout_basic,
          hellmonk_ecumenical_altar_inner_sanctum, serial_shops, shop_fountains
D:2:      layout_loops_ring
D:3:      layout_basic, mainiacjoe_overflow_alcove_1
D:4:      layout_rooms, serial_shops, shop, nicolae_shop_behind_doors, shop,
          ebering_dispersal_statue_hall, uniq_pikel

Skill      XL: |  1  2  3 |
---------------+----------+-----
Armour         | 4 |  4.3
Dodging        | 1 |  1.7
Fighting       | 4 |  4.2
Long Blades    | 3 |  3.5
Shields        | |  3.6

Action                     |  1- 3 |  4- 6 || total
---------------------------+-------+-------++-------
  Melee: Long sword        |    87 |    14 ||   101
         Headbutt          |    11 |     1 ||    12
         Punch             |     1 |       ||     1
Ability: Lunge             |    12 |       ||    12
         Whirlwind         |     1 |       ||     1
    Use: Potion            |       |     2 ||     2
 Armour: Scale mail        |    39 |     5 ||    44
  Dodge: Dodged            |    46 |     5 ||    51

Table legend: (Time is in decaauts)
 A = Elapsed time spent in this place.
 B = Non-inter-level travel time spent in this place.
 C = Inter-level travel time spent in this place.
 D = Time resting spent in this place.
 E = Time spent auto-exploring this place.
 F = Levels seen in this place.
 G = Mean time per level.
                   A        B        C        D        E       F      G
               +--------+--------+--------+--------+--------+-----+--------+
         Total |   1517 |   1404 |    113 |      0 |   1129 |   4 |  379.2 |
       Dungeon |   1517 |   1404 |    113 |      0 |   1129 |   4 |  379.2 |
               +--------+--------+--------+--------+--------+-----+--------+

Top non-repeatable levels by time:
     D:1: 776 daAuts
     D:2: 700 daAuts
     D:4: 34 daAuts
     D:3: 5 daAuts
